 Dungeon Sprint DCSS version 0.30-a0-4-ga7cffc901d (webtiles) character file.

Game seed: 6997498146321646563

599 Conn the Arsonist (level 7, 0/41 HPs)
             Began as an Octopode Fire Elementalist on Aug 21, 2022.
             Was an Initiate of Sif Muna.
             Slain by a polar bear (5 damage)
             ... in the Dungeon (Sprint II: "The Violet Keep of Menkaure").
             The game lasted 00:04:20 (164 turns).

Conn the Arsonist (Octopode Fire Elementalist)       Turns: 164, Time: 00:04:20

Health: 0/41       AC:  1    Str:  7    XL:     7   Next: 41%
Magic:  0/16       EV: 15    Int: 20    God:    Sif Muna [......]
Gold:   486        SH:  0    Dex: 12    Spells: 6/19 levels left

rFire   . . .      SeeInvis .    (no weapon)
rCold   . . .      Faith    .    (no shield)
rNeg    . . .      Spirit   .    (helmet restricted)
rPois   .          Reflect  .    (no amulet)
rElec   .          Harm     .    (no ring)
rCorr   .          Rampage  .    (no ring)
Will    .....      NoTele   +    (no ring)
Stlth   +++.......               (no ring)
HPRegen 0.13/turn                (no ring)
MPRegen 0.15/turn                (no ring)
                                 (no ring)
                                 (no ring)

@: very slightly contaminated
A: almost no armour, amphibious, 8 rings, camouflage 1, gelatinous body 1,
(nimble swimmer 1), tentacles
a: Renounce Religion


You were in the Dungeon.
You worshipped Sif Muna.
Sif Muna was noncommittal.
You visited 1 branch You collected 486 gold pieces.

Inventory:

Potions
 a - 3 potions of magic


   Skills:
 + Level 0.2 Fighting
 + Level 5.9 Dodging
 - Level 4.1 Stealth
 - Level 0.5 Unarmed Combat
 + Level 6.5 Spellcasting
 * Level 6.5 Conjurations
 + Level 0.5 Hexes
 + Level 11.1 Fire Magic


You had 6 spell levels left.
You knew the following spells:

 Your Spells              Type           Power      Damage    Failure   Level
a - Foxfire               Conj/Fire      100%       2x1d9     1%          1
b - Conjure Flame         Conj/Fire      41%        6-21      1%          3
c - Inner Flame           Hex/Fire       30%        N/A       2%          3
d - Flame Wave            Conj/Fire      41%        2d11      2%          4
e - Scorch                Fire           100%       2d10      1%          2

Your spell library contained the following spells:

 Spells                   Type           Power      Damage    Failure   Level


Dungeon Overview and Level Annotations

Branches:
Dungeon (1/1)

Altars:
Cheibriados
Dithmenos
Elyvilon
Fedhas
Gozag
Hepliaklqana
Kikubaaqudgha
Makhleb
Nemelex Xobeh
Okawaru
Qazlal
Ru
Sif Muna
Trog
Uskayaw
Vehumet
Wu Jian
Xom
Yredelemnul
Zin
The Shining One
Jiyva
Lugonu


Innate Abilities, Weirdness & Mutations

You cannot wear most types of armour.
You are amphibious.
You can wear up to eight rings at the same time.
Your skin changes colour to match your surroundings (Stealth+).
Your rubbery body absorbs attacks. (AC +1, EV +1)
((You are camouflaged when in or above water. (Stealth+)))
You have tentacles for arms and can constrict up to eight enemies at once.


Message History

The flame wave engulfs the polar bear!
Flame seeps out of the polar bear.
The polar bear is moderately wounded. (Press . to intensify the flame waves.)
The polar bear is engulfed in a cloud of scalding steam.
The polar bear bites you! The polar bear claws you.
* * * LOW HITPOINT WARNING * * *
The polar bear claws you.
* * * LOW HITPOINT WARNING * * *
The polar bear is engulfed in blazing flames.
Flame seeps out of the polar bear.
The polar bear misses you. The polar bear completely misses you.
The polar bear closely misses you.
Unknown command.
Unknown command.
Unknown command.
Unknown command.
Unknown command.
Unknown command.
Unknown command.
The polar bear is engulfed in a cloud of scalding steam.
The polar bear is engulfed in blazing flames.
Flame seeps out of the polar bear.
The yaktaur is engulfed in a cloud of scalding steam.
Unknown command.
Unknown command.
Okay, then.
You feel better.
The polar bear is engulfed in a cloud of scalding steam.
Flame seeps out of the polar bear.
The hornet is engulfed in blazing flames.
Okay, then.
Okay, then.
Casting: Flame Wave (dangerous; 2% risk of failure)
Confirm with . or Enter, or press ? or * to list all spells.
You conjure some foxfire!
The polar bear bites you!
* * * LOW HITPOINT WARNING * * *
The polar bear completely misses you. The polar bear claws you.
* * * LOW HITPOINT WARNING * * *
The polar bear completely misses you. The polar bear barely misses you.
The polar bear claws you.
You die...

...# ...# ##▓(::))!![▓▓ ###..##
#..# $#▓)[)?([?$▓▓ #+###.##..#
+..# .#▓[!$?!)?)▓▓ #.##...#..#
#..# .#▓?!??)?!=▓▓
.<.).#.'..####..##.#▓!??$$)$!▓▓
#.##...#....###§..##▓▓▓▓▓▓▓+▓▓▓▓+
#†###.##.....§c†yh~~~~~~§w~───Xw≈
...####~~....§~#h########+###w≈w≈
.#..#~~~~~~~..~#@h_.....#SS~# ≈≈
.#.##~~~~~~~~.~#vv._....#S~≈≈#
#+##~~~§≈§§§~~~#_._._...#~~§~§#
S~~~~§§§≈§~§~#._._._..#§~~§≈≈
+++#~≈§≈§§§≈§#_._._._.#~~~§~≈
##≈§§###§§#._._._._#§~§§§~
#≈≈#_._._._.#~ #§§#..._._._#§
§≈§≈##########~


You could see 3 polar bears, a yaktaur and a hornet.

Vanquished Creatures
  A merfolk siren (D)
  A water moccasin (D)
  4 necrophages (D)
6 creatures vanquished.

Vanquished Creatures (others)
  Menkaure (D)
  5 foxfires (D)
  8 tentacles (D)
14 creatures vanquished.

Grand Total: 20 creatures vanquished

Notes
Turn   | Place    | Note
-------+----------+-------------------------------------------
     0 | D        | Conn the Octopode Fire Elementalist began the quest for the
                  | Orb.
     0 | D        | Reached XP level 1. HP: 11/11 MP: 3/3
     1 | D        | Noticed a wyvern
     1 | D        | Noticed a wyvern
     5 | D        | Noticed a merfolk siren
     6 | D        | Killed Menkaure
     8 | D        | Noticed a necrophage
     8 | D        | Noticed a necrophage
     8 | D        | Noticed a necrophage
     8 | D        | Noticed a necrophage
    14 | D        | Killed a necrophage
    15 | D        | Reached skill level 6 in Fire Magic
    15 | D        | Reached XP level 2. HP: 17/17 MP: 3/6
    15 | D        | Reached XP level 3. HP: 21/21 MP: 4/8
    15 | D        | Reached XP level 4. HP: 27/27 MP: 4/9
    17 | D        | Killed a necrophage
    18 | D        | Reached skill level 7 in Fire Magic
    18 | D        | Reached XP level 5. HP: 31/31 MP: 4/11
    20 | D        | Reached skill level 8 in Fire Magic
    25 | D        | Reached skill level 5 in Spellcasting
    25 | D        | Reached skill level 9 in Fire Magic
    25 | D        | Reached XP level 6. HP: 31/36 MP: 4/13
    37 | D        | Learned a level 2 spell: Scorch
    41 | D        | Learned a level 3 spell: Conjure Flame
    45 | D        | Learned a level 3 spell: Inner Flame
    50 | D        | Learned a level 4 spell: Flame Wave
    56 | D        | Killed a merfolk siren
    57 | D        | Reached skill level 5 in Dodging
    57 | D        | Reached skill level 10 in Fire Magic
    57 | D        | Reached XP level 7. HP: 28/41 MP: 1/16
    83 | D        | Found a stormy altar of Qazlal.
    83 | D        | Found an ornate altar of the Wu Jian Council.
    84 | D        | Found a hazy altar of Hepliaklqana.
    84 | D        | Found a sacrificial altar of Ru.
    85 | D        | Found a viscous altar of Jiyva.
    85 | D        | Found a shimmering blue altar of Sif Muna.
    85 | D        | Found a shimmering altar of Xom.
    86 | D        | Found a snail-covered altar of Cheibriados.
    86 | D        | Found an ancient bone altar of Kikubaaqudgha.
    86 | D        | Found a bloodstained altar of Trog.
    87 | D        | Found a shadowy altar of Dithmenos.
    87 | D        | Found a corrupted altar of Lugonu.
    88 | D        | Found a white marble altar of Elyvilon.
    88 | D        | Found a burning altar of Makhleb.
    89 | D        | Found a blossoming altar of Fedhas.
    91 | D        | Found an opulent altar of Gozag.
    91 | D        | Found a glowing golden altar of the Shining One.
    91 | D        | Found a basalt altar of Yredelemnul.
    91 | D        | Found a hide-covered altar of Uskayaw.
    91 | D        | Found a sparkling altar of Nemelex Xobeh.
    92 | D        | Found a glowing silver altar of Zin.
    92 | D        | Found a radiant altar of Vehumet.
    92 | D        | Found an iron altar of Okawaru.
    97 | D        | Became a worshipper of Sif Muna the Loreminder
   104 | D        | Reached skill level 11 in Fire Magic
   111 | D        | Noticed a kraken
   156 | D        | Noticed a yaktaur
   156 | D        | Noticed a hornet
   156 | D        | Noticed a polar bear
   156 | D        | Noticed a polar bear
   156 | D        | Noticed a polar bear
   164 | D        | Slain by a polar bear

Illustrated notes

Levels and vault maps discovered:
D:        the_violet_keep_of_menkaure [sprint2_stairs_cluster_1,
          sprint2_shoproom, sprint2_temple, sprint2_basic_supplies,
          sprint2_obstacle_3, sprint2_obstacle_7, sprint2_obstacle_1,
          sprint2_obstacle_5, sprint2_obstacle_2, sprint2_timed_cluster_1,
          sprint2_smallroom_cluster_1, sprint2_smallroom_final_cluster_1,
          sprint2_transparent_cluster_1, sprint2_second_timed_cluster_1,
          sprint2_sniper_area_1, sprint2_heavy_combat_area_1,
          sprint2_mutation_trap_area_1, sprint2_forest_area_1,
          sprint2_light_combat_area_1, sprint2_behind_water_1,
          sprint2_near_end_vault_1]

Skill      XL: |  1  2  3  4  5  6  7 |
---------------+----------------------+-----
Dodging        | 3 4 5 |  5.9
Stealth        | 4 |  4.1
Spellcasting   | 3 4 5 6 |  6.5
Fire Magic     | 6 7 9 10 11 | 11.1
Conjurations   | 2 4 6 |  6.5
Fighting       | |  0.2
Unarmed Combat | |  0.5
Hexes          | |  0.5

Action                   |  1- 3 |  4- 6 |  7- 9 || total
-------------------------+-------+-------+-------++-------
Melee: Unarmed           |     4 |     9 |       ||    13
       Tentacles         |     1 |     6 |       ||     7
       Constrict         |     1 |     3 |       ||     4
 Cast: Inner Flame       |       |     1 |     1 ||     2
       Scorch            |       |     1 |     1 ||     2
       Conjure Flame     |       |     1 |       ||     1
       Foxfire           |       |       |     4 ||     4
       Flame Wave        |       |       |     1 ||     1
  Use: Potion            |     2 |       |     2 ||     4
       Scroll            |       |       |     1 ||     1
Armor: Skin              |       |       |     2 ||     2
Dodge: Dodged            |     1 |     3 |    14 ||    18

Table legend: (Time is in decaauts)
 A = Elapsed time spent in this place.
 B = Non-inter-level travel time spent in this place.
 C = Inter-level travel time spent in this place.
 D = Time resting spent in this place.
 E = Time spent auto-exploring this place.
 F = Levels seen in this place.
 G = Mean time per level.
                   A        B        C        D        E       F      G
               +--------+--------+--------+--------+--------+-----+--------+
         Total |    160 |    160 |      0 |      0 |      0 |   1 |  160.0 |
       Dungeon |    160 |    160 |      0 |      0 |      0 |   1 |  160.0 |
               +--------+--------+--------+--------+--------+-----+--------+

Top non-repeatable levels by time:
       D: 160 daAuts
